 Dungeon Crawl Stone Soup version 0.27-a0-836-gfc908b8576 (webtiles) character file.

Game seed: 4205742119926739418

4 spiderkeys the Sneak (level 1, 0/19 HPs)
             Began as a Barachi Delver on Apr 1, 2021.
             Slain by an orc
             ... wielding a +0 dagger
              (2 damage)
             ... on level 3 of the Dungeon.
             The game lasted 00:03:00 (618 turns).

spiderkeys the Sneak (Barachi Delver)                Turns: 618, Time: 00:03:00

Health: 0/19       AC:  3    Str: 13    XL:     1   Next: 70%
Magic:  1/1        EV: 12    Int: 10    God:
Gold:   35         SH:  0    Dex: 19    Spells: 0/0 levels left

rFire    . . .     SeeInvis .   a - +0 spear
rCold    . . .     Faith    .   (no shield)
rNeg     . . .     Spirit   .   b - +0 leather armour
rPois    .         Reflect  .   (no helmet)
rElec    .         Harm     .   (no cloak)
rCorr    .         Rampage  .   (no gloves)
Will     .....                  (no boots)
Stlth    +++.......             (no amulet)
HPRegen  0.06/turn              h - +6 ring of dexterity
MPRegen  0.07/turn              (no ring)

@: can't hop, slow
A: +LOS, amphibious, slowness 1, strong legs 1
a: Hop


You were on level 3 of the Dungeon.
You visited 1 branch of the dungeon, and saw 3 of its levels.

You collected 35 gold pieces.

Inventory:

Hand Weapons
 a - a +0 spear (weapon)
Armour
 b - a +0 leather armour (worn)
 j - a +0 ring mail
Jewellery
 h - a +6 ring of dexterity (left hand)
Wands
 g - a wand of digging (3)
Scrolls
 c - a scroll of fog
 d - a scroll of magic mapping
 e - a scroll of fear
 i - a scroll of immolation
Potions
 f - a potion of haste


   Skills:
 + Level 3.7 Fighting
 * Level 2.1 Polearms
 + Level 0.4 Armour
 + Level 2.3 Dodging
 - Level 4.5 Stealth


You couldn't memorise any spells.
You didn't know any spells.
Your spell library was empty.

Dungeon Overview and Level Annotations

Branches:
Dungeon (5/15)
 Temple: D:4-7

Altars:

Shops:
D:3 :

Annotations:
D:3 Jessica


Innate Abilities, Weirdness & Mutations

You can be seen from farther away. (+LOS)
You are amphibious.
You cover ground slowly.
You can hop short distances.


Message History

Jessica seems to speed up.
There is a stone staircase leading down here.
The orc wizard points at itself and mumbles some strange words.
The orc wizard flickers and vanishes!
Deactivating autopickup; reactivate with Ctrl-A.
The orc priest mumbles some strange prayers to Beogh against you.
Beogh smites you!
Ouch! That really hurt!
Hop to where?
Press: ? - help, Dir - move target Boing!
A quokka comes into view.
The rat barely misses you.
The orc priest looks braver for a moment.
The quokka bites you. The quokka barely misses you. The quokka misses you.
The quokka closely misses you. The quokka barely misses you.
The quokka misses you. 2 orcs come into view.
An orc is wielding a +2 vorpal falchion.
The orc moves out of view.
The quokka completely misses you.
A kobold comes into view. It is wielding a +0 dagger.
The kobold shouts!
The quokka bites you but does no damage.
Okay, then.
Okay, then.
The quokka misses you.
The orc shouts!
You hear a shout!
The kobold hits you with a +0 dagger.
Okay, then.
Okay, then.
The quokka closely misses you. The orc hits you with a +0 dagger.
* * * LOW HITPOINT WARNING * * *
The kobold closely misses you. The kobold hits you but does no damage.
The quokka closely misses you. The orc hits you with a +0 dagger.
You die...

.##.##..###########
#.........
.##.....oo.r..#
#.........
#############.#######
#.......S#
#..........#
#.........
#..........#
#....K...#
#....o.....#
#.##..........#
...o......ro...#
......oo..rK@...#
......g...(o....#
###.##..........# #.
#............ #
####.#####..... #.#
...... #.# ..... #.
..... ....


You could see 2 orc priests, 4 orcs, a quokka, a goblin, a kobold and a rat.

Vanquished Creatures
  A dart slug (D:3)
  An endoplasm (D:3)
  A kobold (D:3)
3 creatures vanquished.

Notes
Turn   | Place    | Note
-------+----------+-------------------------------------------
     0 | D:5      | spiderkeys the Barachi Delver began the quest for the Orb.
     0 | D:5      | Reached XP level 1. HP: 18/18 MP: 1/1
   197 | D:3      | Found Naorghid's Book Shop.
   197 | D:3      | Noticed a howler monkey
   221 | D:3      | Noticed Jessica
   499 | D:3      | Noticed an orc priest
   583 | D:3      | Noticed an orc priest
   583 | D:3      | Noticed an orc wizard
   618 | D:3      | Slain by an orc

Illustrated notes

Levels and vault maps discovered:
D:3:      layout_basic, nicolae_gozag_seed_capital, lemuel_round_altar,
          serial_shops, shop, uniq_jessica
D:4:      layout_layer_cave, kennysheep_cluttered_room, uniq_robin
D:5:      layout_cave_pools, lightli_minifort

Action                   || total
-------------------------++-------
Melee: Spear             ||    12
 Abil: Hop               ||     2
  Use: Scroll            ||     1
 Stab: Sleeping          ||     1
Armor: Leather armour    ||     2
Dodge: Dodged            ||    14

Table legend: (Time is in decaauts)
 A = Elapsed time spent in this place.
 B = Non-inter-level travel time spent in this place.
 C = Inter-level travel time spent in this place.
 D = Time resting spent in this place.
 E = Time spent auto-exploring this place.
 F = Levels seen in this place.
 G = Mean time per level.
                   A        B        C        D        E       F      G
               +--------+--------+--------+--------+--------+-----+--------+
         Total |    673 |    673 |      0 |    311 |     57 |   3 |  224.3 |
       Dungeon |    673 |    673 |      0 |    311 |     57 |   3 |  224.3 |
               +--------+--------+--------+--------+--------+-----+--------+

Top non-repeatable levels by time:
     D:3: 585 daAuts
     D:5: 59 daAuts
     D:4: 28 daAuts
